Blues vs Blue Jackets
Created - December 16, 2018 at 19:11
Goals
|
| Blues |
2 |
2 |
0 |
4 |
| Blue Jackets |
3 |
3 |
2 |
8 |
|
Shots
|
| Blues |
14 |
14 |
6 |
34 |
| Blue Jackets |
9 |
18 |
9 |
36 |
|
1st period
1. Blue Jackets , Pavel Datsyuk 16 (Marcus Nilson 7, Martin Havlat 27) at 3:44
2. Blues , Nicklas Backstrom 12 (Sergei Shirokov 13) at 9:20
3. Blue Jackets , Marcus Nilson 8 (Martin Havlat 28, Mike Comrie 8) at 11:39
4. Blue Jackets , Mike Comrie 7 (Andreas Nodl 10, Ryan Wilson 2) at 17:18
5. Blues , Nicklas Backstrom 13 (David Perron 11, Alex Pietrangelo 30) at 19:25
Penalties :
Marcus Nilson (Clb) for High sticking (Minor) at 9:23, Alex Pietrangelo (STL) for Hooking (Minor) at 13:31
2nd period
6. Blue Jackets , David Booth 13 (Peter Mueller 9, Mike Brown 7) at 4:11
7. Blue Jackets , Mike Brown 9 (Martin Havlat 29, Marcus Nilson 8) at 9:01
8. Blues , Travis Zajac 11 (Filip Forsberg 4, Bobby Ryan 17) at 9:27
9. Blue Jackets , Mike Comrie 8 (Andreas Nodl 11, Ryan Wilson 3) at 10:24
10. Blues , Nicklas Backstrom 14 (David Perron 12, Sergei Shirokov 14) at 19:58
Penalties :
Mike Brown (Clb) for Roughing (Minor) at 4:35, A.J Thelen (Clb) for Hooking (Minor) at 14:47
3rd period
11. Blue Jackets , Peter Mueller 7 (Mike Brown 8) at 18:21 (PP)
12. Blue Jackets , Peter Mueller 8 (Branislav Mezei 5, Pavel Datsyuk 26) at 19:58
Penalties :
Yann Sauvé (STL) for Holding (Minor) at 1:15, David Booth (Clb) for Tripping (Minor) at 4:33, Nicklas Backstrom (STL) for Tripping (Minor) at 9:18, Nicklas Backstrom (STL) for Tripping (Minor) at 14:57, Nicklas Backstrom (STL) for Roughing (Minor) at 17:46
Goalie Stats
Carey Price (STL), 14 saves from 18 shots - (0.778), 24:11 minutes
Ray Emery (STL), 14 saves from 18 shots - (0.778), L, 2-4-0, 35:49 minutes
Rick DiPietro (Clb), 30 saves from 34 shots - (0.882), W, 12-12-3, 60:00 minutes
Players Stats for Blues
Player Name G A P +/- PIM S H SB GA TA FO MP PP MP PK MP
------------------------------------------------------------------------------------
Alex Pietrangelo 0 1 1 -1 2 5 2 2 2 0 0/0 26:30 5:04 3:55
Bobby Ryan 0 1 1 -3 0 2 0 0 0 0 1/2 17:04 5:01 0:00
Bryce Lampman 0 0 0 0 0 1 2 0 0 0 0/0 24:09 2:52 5:06
Cody Ceci 0 0 0 -2 0 0 1 5 0 1 0/0 12:59 0:00 1:49
David Perron 0 2 2 3 0 1 1 0 0 0 1/3 20:30 2:55 1:30
Drew Shore 0 0 0 0 0 0 0 0 0 0 0/3 10:01 0:00 2:26
Filip Forsberg 0 1 1 -3 0 2 0 0 1 0 1/1 17:04 5:01 0:00
Jake Gardiner 0 0 0 0 0 2 1 0 1 0 0/0 27:28 5:04 3:32
Linus Omark 0 0 0 0 0 0 0 0 0 0 0/0 6:51 0:00 0:00
Nick Leddy 0 0 0 -2 0 0 2 1 0 0 0/0 13:48 2:52 0:00
Nicklas Backstrom 3 0 3 3 6 10 5 1 0 1 19/37 21:37 5:01 0:58
Nikolai Kulemin 0 0 0 0 0 0 0 0 0 0 0/0 6:51 0:00 0:00
Patrick Kaleta 0 0 0 -3 0 0 0 0 0 0 0/0 13:17 0:00 4:46
Sergei Shirokov 0 2 2 3 0 1 1 0 1 1 0/1 18:16 2:55 0:00
Ted Purcell 0 0 0 -3 0 2 1 0 1 0 0/0 10:49 0:00 2:15
Tomas Plekanec 0 0 0 -3 0 3 1 0 0 0 2/4 8:49 0:00 0:18
Travis Zajac 1 0 1 -3 0 4 0 0 0 1 12/20 19:42 2:55 4:49
Yann Sauvé 0 0 0 -1 2 1 2 1 0 1 0/0 15:39 0:00 2:40
Players Stats for Blue Jackets
Player Name G A P +/- PIM S H SB GA TA FO MP PP MP PK MP
------------------------------------------------------------------------------------
A.J Thelen 0 0 0 1 2 1 1 1 0 1 0/0 14:19 1:31 1:43
Andreas Nodl 0 2 2 1 0 2 1 0 0 0 0/0 9:09 0:29 0:00
Andrew Gordon 0 0 0 0 0 1 0 0 0 0 0/0 7:34 0:06 0:00
Branislav Mezei 0 1 1 2 0 0 1 2 0 1 0/0 26:03 3:55 5:59
David Booth 1 0 1 1 2 1 2 0 0 0 0/2 18:35 4:30 0:44
Dennis Wideman 0 0 0 -1 0 0 0 1 0 0 0/0 4:20 0:00 0:14
Marcus Nilson 1 2 3 1 2 4 4 0 0 0 0/0 18:27 3:42 0:20
Martin Havlat 0 3 3 1 0 1 0 0 0 1 2/2 23:44 4:43 5:03
Mike Brown 1 2 3 1 2 2 2 1 1 0 0/0 18:42 3:39 1:25
Mike Comrie 2 1 3 2 0 3 1 0 0 0 8/16 13:58 0:00 5:03
Mike Lundin 0 0 0 1 0 7 4 1 0 0 0/0 29:19 5:00 4:51
Mike York 0 0 0 1 0 0 2 0 0 0 2/2 9:42 0:00 0:47
Patrick O'Sullivan 0 0 0 0 0 1 0 0 0 0 1/1 7:05 0:00 0:00
Pavel Datsyuk 1 1 2 0 0 6 1 0 1 0 16/35 20:45 4:42 2:30
Peter Mueller 2 1 3 1 0 4 1 0 0 1 6/13 17:13 3:42 0:00
Rostislav Olesz 0 0 0 0 0 0 1 0 1 0 0/0 7:05 0:00 0:00
Ryan Wilson 0 2 2 2 0 3 2 2 1 2 0/0 23:56 3:22 0:00
Torey Krug 0 0 0 1 0 0 4 2 1 0 0/0 22:04 3:14 3:05
3 Stars
1 - Mike Comrie (Clb)
2 - Peter Mueller (Clb)
3 - Nicklas Backstrom (STL)
Power Play
Blues - 0 on 4 Attempt(s) - 0.00%
Blue Jackets - 1 on 5 Attempt(s) - 20.00%
Penalty Kill
Blues - 4 on 5 Attempt(s) - 80.00%
- Score 0 goal in Penalty Kill
Blue Jackets - 4 on 4 Attempt(s) - 100.00%
- Score 0 goal in Penalty Kill
Team Stat
Blues - Hits : 19 - Faceoff Wins : 36 - Blocked Shots : 10 - Penalty Minutes : 10
Blue Jackets - Hits : 27 - Faceoff Wins : 35 - Blocked Shots : 10 - Penalty Minutes : 8
Official
Referees : Unknown
Linesman : Unknown
Game Notes
Dennis Wideman is injured at 10:48 of 1st period (Bruised Left Leg)
Ray Emery enters game at 4:11 of 2nd period
Nicklas Backstrom has scored a Hat Trick!
Finance
Level 1 -- Attendance: 4847 (80.78%) -- Ticket Income $460,465
Level 2 -- Attendance: 3997 (79.94%) -- Ticket Income $239,820
Level 3 -- Attendance: 1969 (98.45%) -- Ticket Income $68,915
Level 4 -- Attendance: 4000 (100.00%) -- Ticket Income $100,000
Luxury Box -- Attendance: 726 (72.60%) -- Ticket Income $137,940
Game was played at the Ohio State Arena.
Total Attendance: 15539 (86.33%)
Total Ticket Income: $1,007,140
Other Income: $151,071
Total Income: $1,158,211
Blues
5 vs 5 Forward
Center Left Wing Right Wing Time % Phy DF OF
1 Nicklas Backstrom David Perron Sergei Shirokov 40 1 2 2
2 Travis Zajac Filip Forsberg Bobby Ryan 30 1 2 2
3 Tomas Plekanec Ted Purcell Patrick Kaleta 20 1 2 2
4 Drew Shore Linus Omark Nikolai Kulemin 10 1 2 2
5 vs 5 Defense
Defense Defense Time % Phy DF OF
1 Alex Pietrangelo Jake Gardiner 40 1 2 2
2 Bryce Lampman Yann Sauvé 30 1 2 2
3 Nick Leddy Cody Ceci 20 1 2 2
4 Jake Gardiner Bryce Lampman 10 1 2 2
PowerPlay Forward
Center Left Wing Right Wing Time % Phy DF OF
1 Nicklas Backstrom Filip Forsberg Bobby Ryan 60 1 2 2
2 Travis Zajac David Perron Sergei Shirokov 40 1 2 2
PowerPlay Defense
Defense Defense Time % Phy DF OF
1 Alex Pietrangelo Jake Gardiner 60 1 2 2
2 Nick Leddy Bryce Lampman 40 1 2 2
Penalty Kill 4 Players Forward
Center Wing Time % Phy DF OF
1 Travis Zajac Patrick Kaleta 60 1 2 2
2 Nicklas Backstrom Ted Purcell 40 1 2 2
Penalty Kill 4 Players Defense
Defense Defense Time % Phy DF OF
1 Alex Pietrangelo Bryce Lampman 60 1 2 2
2 Jake Gardiner Yann Sauvé 40 1 2 2
Penalty Kill - 3 Players Forward
Forward Time % Phy DF OF
1 Travis Zajac 60 1 2 2
2 Ted Purcell 40 1 2 2
Penalty Kill - 3 Players Defense
Defense Defense Time % Phy DF OF
1 Alex Pietrangelo Bryce Lampman 60 1 2 2
2 Jake Gardiner Yann Sauvé 40 1 2 2
4 vs 4 Forward
Center Wing Time % Phy DF OF
1 Nicklas Backstrom David Perron 60 1 2 2
2 Travis Zajac Bobby Ryan 40 1 2 2
4 vs 4 Defense
Defense Defense Time % Phy DF OF
1 Alex Pietrangelo Bryce Lampman 60 1 2 2
2 Jake Gardiner Yann Sauvé 40 1 2 2
Last Minutes Offensive
Center Left Wing Right Wing Defense Defense
Nicklas Backstrom David Perron Bobby Ryan Alex Pietrangelo Jake Gardiner
Last Minutes Defensive
Center Left Wing Right Wing Defense Defense
Travis Zajac Ted Purcell Patrick Kaleta Alex Pietrangelo Bryce Lampman
Goaltenders
Starting : Carey Price
Backup : Ray Emery
Extra Forwards
Normal : Drew Shore, Nikolai Kulemin, Patrick Kaleta - PP : Drew Shore, Nikolai Kulemin - PK : Patrick Kaleta
Extra Defensemen
Normal : Nick Leddy, Cody Ceci, Jake Gardiner - PP : Nick Leddy - PK : Cody Ceci, Jake Gardiner
Penalty Shots
David Perron, Ted Purcell, Nicklas Backstrom, Travis Zajac, Linus Omark
Scratches
Logan Couture (Right Leg Injury)
Blue Jackets
5 vs 5 Forward
Center Left Wing Right Wing Time % Phy DF OF
1 Pavel Datsyuk Marcus Nilson Martin Havlat 40 1 2 2
2 Peter Mueller David Booth Mike Brown 30 1 2 2
3 Mike Comrie Mike York Andreas Nodl 20 1 2 2
4 Patrick O'Sullivan Rostislav Olesz Andrew Gordon 10 1 2 2
5 vs 5 Defense
Defense Defense Time % Phy DF OF
1 Mike Lundin Dennis Wideman 40 1 2 2
2 Torey Krug Branislav Mezei 30 1 2 2
3 Ryan Wilson A.J Thelen 20 1 2 2
4 Mike Lundin Dennis Wideman 10 1 2 2
PowerPlay Forward
Center Left Wing Right Wing Time % Phy DF OF
1 Pavel Datsyuk David Booth Martin Havlat 60 1 2 2
2 Peter Mueller Marcus Nilson Mike Brown 40 1 2 2
PowerPlay Defense
Defense Defense Time % Phy DF OF
1 Mike Lundin Dennis Wideman 60 1 2 2
2 Torey Krug Branislav Mezei 40 1 2 2
Penalty Kill 4 Players Forward
Center Wing Time % Phy DF OF
1 Mike Comrie Martin Havlat 60 1 2 2
2 Pavel Datsyuk Mike Brown 40 1 2 2
Penalty Kill 4 Players Defense
Defense Defense Time % Phy DF OF
1 Mike Lundin Branislav Mezei 60 1 2 2
2 Torey Krug Dennis Wideman 40 1 2 2
Penalty Kill - 3 Players Forward
Forward Time % Phy DF OF
1 Mike Comrie 60 1 2 2
2 Pavel Datsyuk 40 1 2 2
Penalty Kill - 3 Players Defense
Defense Defense Time % Phy DF OF
1 Mike Lundin Branislav Mezei 60 1 2 2
2 Torey Krug Dennis Wideman 40 1 2 2
4 vs 4 Forward
Center Wing Time % Phy DF OF
1 Pavel Datsyuk David Booth 60 1 2 2
2 Peter Mueller Martin Havlat 40 1 2 2
4 vs 4 Defense
Defense Defense Time % Phy DF OF
1 Mike Lundin Dennis Wideman 60 1 2 2
2 Torey Krug Branislav Mezei 40 1 2 2
Last Minutes Offensive
Center Left Wing Right Wing Defense Defense
Pavel Datsyuk David Booth Martin Havlat Mike Lundin Dennis Wideman
Last Minutes Defensive
Center Left Wing Right Wing Defense Defense
Pavel Datsyuk David Booth Martin Havlat Mike Lundin Dennis Wideman
Goaltenders
Starting : Rick DiPietro
Backup : Marek Schwarz
Extra Forwards
Normal : Andreas Nodl, Pavel Datsyuk, Mike York - PP : Andreas Nodl, Martin Havlat - PK : Mike York
Extra Defensemen
Normal : Ryan Wilson, A.J Thelen, Torey Krug - PP : Ryan Wilson - PK : A.J Thelen, Torey Krug
Penalty Shots
Pavel Datsyuk, David Booth, Martin Havlat, Mike Comrie, Mike Brown
Scratches
Kevin Porter (Healthy)
% Time on Ice - Blues
Lines # - Real PCT - Wanted PCT - Time Play
Normal Forward
1 - 37% - 40% - 16:10
2 - 28% - 30% - 12:01
3 - 20% - 20% - 8:31
4 - 16% - 10% - 6:51
Normal Defense
1 - 40% - 40% - 17:24
2 - 31% - 30% - 13:33
3 - 24% - 20% - 10:33
4 - 5% - 10% - 2:03
PP Forward
1 - 63% - 60% - 5:01
2 - 37% - 40% - 2:55
PP Defense
1 - 64% - 60% - 5:04
2 - 36% - 40% - 2:52
PK Forward
1 - 74% - 60% - 6:16
2 - 26% - 40% - 2:15
PK Defense
1 - 59% - 60% - 4:59
2 - 41% - 40% - 3:32
PK3 Forward
1 - 0% - 60%
2 - 0% - 40%
PK3 Defense
1 - 0% - 60%
2 - 0% - 40%
44 Forward
1 - 0% - 60%
2 - 0% - 40%
44 Defense
1 - 0% - 60%
2 - 0% - 40%
Last Minute Offensive - 0:00
Last Minute Defensive - 0:00
Total
Forward - 60:00
Defense - 60:00
|
% Time on Ice - Blue Jackets
Lines # - Real PCT - Wanted PCT - Time Play
Normal Forward
1 - 32% - 40% - 14:04
2 - 32% - 30% - 13:52
3 - 20% - 20% - 8:32
4 - 16% - 10% - 7:05
Normal Defense
1 - 40% - 40% - 17:32
2 - 36% - 30% - 15:40
3 - 19% - 20% - 8:25
4 - 4% - 10% - 1:56
PP Forward
1 - 57% - 60% - 4:49
2 - 43% - 40% - 3:42
PP Defense
1 - 62% - 60% - 5:17
2 - 38% - 40% - 3:14
PK Forward
1 - 68% - 60% - 5:26
2 - 32% - 40% - 2:30
PK Defense
1 - 61% - 60% - 4:51
2 - 39% - 40% - 3:05
PK3 Forward
1 - 0% - 60%
2 - 0% - 40%
PK3 Defense
1 - 0% - 60%
2 - 0% - 40%
44 Forward
1 - 0% - 60%
2 - 0% - 40%
44 Defense
1 - 0% - 60%
2 - 0% - 40%
Last Minute Offensive - 0:00
Last Minute Defensive - 0:00
Total
Forward - 60:00
Defense - 60:00
|
Play by Play
1st period
0:01 of 1st period - Pavel Datsyuk wins face-off versus Nicklas Backstrom in neutral zone.
0:14 of 1st period - Slapshot by Alex Pietrangelo.
0:14 of 1st period - Deflect By Nicklas Backstrom.
0:14 of 1st period - Stopped by Rick DiPietro without a rebound.
0:15 of 1st period - Travis Zajac wins face-off versus Peter Mueller in Blue Jackets zone.
0:16 of 1st period - Snap shot by Bobby Ryan.
0:16 of 1st period - Shot Misses the Net.
0:26 of 1st period - Wrist shot by Bobby Ryan.
0:26 of 1st period - Stopped by Rick DiPietro with a rebound.
0:32 of 1st period - Bryce Lampman is hit by Branislav Mezei and loses puck.
0:45 of 1st period - Slapshot by Tomas Plekanec.
0:45 of 1st period - Stopped by Rick DiPietro without a rebound.
0:46 of 1st period - Tomas Plekanec wins face-off versus Mike Comrie in Blue Jackets zone.
0:57 of 1st period - Wrist shot by Patrick Kaleta.
0:57 of 1st period - Shot Misses the Net.
1:03 of 1st period - Cody Ceci is hit by Mike York and loses puck.
1:12 of 1st period - Backhand shot by Mike Comrie.
1:12 of 1st period - Shot Blocked by Cody Ceci.
1:14 of 1st period - Slapshot by Mike Lundin.
1:14 of 1st period - Stopped by Carey Price with a rebound.
1:24 of 1st period - Wrist shot by Andreas Nodl.
1:24 of 1st period - Stopped by Carey Price without a rebound.
1:25 of 1st period - Nicklas Backstrom wins face-off versus Pavel Datsyuk in Blues zone.
2:16 of 1st period - Slapshot by David Booth.
2:16 of 1st period - Shot Misses the Net.
2:22 of 1st period - Wrist shot by Filip Forsberg.
2:22 of 1st period - Shot Blocked by Dennis Wideman.
2:40 of 1st period - Slapshot by Pavel Datsyuk.
2:40 of 1st period - Deflect By Martin Havlat.
2:40 of 1st period - Shot Misses the Net.
2:40 of 1st period - Puck is out of play.
2:41 of 1st period - Travis Zajac wins face-off versus Pavel Datsyuk in Blues zone.
2:46 of 1st period - Snap shot by Pavel Datsyuk.
2:46 of 1st period - Shot Blocked by Nick Leddy.
2:48 of 1st period - Snap shot by Torey Krug.
2:48 of 1st period - Deflect By Pavel Datsyuk.
2:48 of 1st period - Shot Blocked by Cody Ceci.
2:48 of 1st period - Puck is out of play.
2:49 of 1st period - Pavel Datsyuk wins face-off versus Travis Zajac in Blues zone.
3:34 of 1st period - Wrist shot by Pavel Datsyuk.
3:34 of 1st period - Shot Blocked by Cody Ceci.
3:42 of 1st period - Snap shot by Marcus Nilson.
3:42 of 1st period - Shot Blocked by Cody Ceci.
3:44 of 1st period - Wrist shot by Pavel Datsyuk.
3:44 of 1st period - Goal by Pavel Datsyuk - Blues : 0 - Blue Jackets : 1.
3:45 of 1st period - Nicklas Backstrom wins face-off versus David Booth in neutral zone.
3:50 of 1st period - Backhand shot by Nicklas Backstrom.
3:50 of 1st period - Stopped by Rick DiPietro with a rebound.
6:39 of 1st period - Cody Ceci is hit by Mike Brown and loses puck.
7:30 of 1st period - A.J Thelen is hit by Tomas Plekanec and loses puck.
8:28 of 1st period - Snap shot by Alex Pietrangelo.
8:28 of 1st period - Shot Misses the Net.
8:30 of 1st period - Backhand shot by Jake Gardiner.
8:30 of 1st period - Stopped by Rick DiPietro without a rebound.
8:31 of 1st period - Pavel Datsyuk wins face-off versus Nicklas Backstrom in Blue Jackets zone.
9:02 of 1st period - Slapshot by Alex Pietrangelo.
9:02 of 1st period - Stopped by Rick DiPietro without a rebound.
9:03 of 1st period - Travis Zajac wins face-off versus Peter Mueller in Blue Jackets zone.
9:06 of 1st period - Wrist shot by Travis Zajac.
9:06 of 1st period - Stopped by Rick DiPietro with a rebound.
9:08 of 1st period - Wrist shot by Bobby Ryan.
9:08 of 1st period - Shot Misses the Net.
9:10 of 1st period - Snap shot by Travis Zajac.
9:10 of 1st period - Stopped by Rick DiPietro without a rebound.
9:11 of 1st period - Nicklas Backstrom wins face-off versus Peter Mueller in Blue Jackets zone.
9:20 of 1st period - Wrist shot by Nicklas Backstrom.
9:20 of 1st period - Goal by Nicklas Backstrom - Blues : 1 - Blue Jackets : 1.
9:21 of 1st period - Pavel Datsyuk wins face-off versus Nicklas Backstrom in neutral zone.
9:23 of 1st period - Minor Penalty to Marcus Nilson for High sticking.
9:24 of 1st period - Nicklas Backstrom wins face-off versus Mike Comrie in Blue Jackets zone.
9:40 of 1st period - Snap shot by Nicklas Backstrom.
9:40 of 1st period - Stopped by Rick DiPietro without a rebound.
9:41 of 1st period - Mike Comrie wins face-off versus Nicklas Backstrom in Blue Jackets zone.
10:08 of 1st period - Mike Comrie is hit by David Perron and loses puck.
10:25 of 1st period - Snap shot by Mike Brown.
10:25 of 1st period - Shot Misses the Net.
10:47 of 1st period - Dennis Wideman is hit by Alex Pietrangelo and loses puck.
10:48 of 1st period - Dennis Wideman from Blue Jackets is injured at 10:48 of 1st period (Bruised Left Leg).
10:49 of 1st period - Nicklas Backstrom wins face-off versus Mike Comrie in Blue Jackets zone.
10:50 of 1st period - Slapshot by Alex Pietrangelo.
10:50 of 1st period - Shot Blocked by Branislav Mezei.
10:52 of 1st period - Slapshot by Jake Gardiner.
10:52 of 1st period - Shot Misses the Net.
10:54 of 1st period - Snap shot by Bobby Ryan.
10:54 of 1st period - Shot Misses the Net.
10:56 of 1st period - Snap shot by Jake Gardiner.
10:56 of 1st period - Deflect By Nicklas Backstrom.
10:56 of 1st period - Shot Hit the Post.
10:56 of 1st period - Puck is out of play.
10:57 of 1st period - Mike Comrie wins face-off versus Nicklas Backstrom in Blue Jackets zone.
11:08 of 1st period - Snap shot by Bobby Ryan.
11:08 of 1st period - Deflect By Nicklas Backstrom.
11:08 of 1st period - Stopped by Rick DiPietro without a rebound.
11:09 of 1st period - Martin Havlat wins face-off versus Bobby Ryan in Blue Jackets zone.
11:20 of 1st period - Martin Havlat is hit by Nicklas Backstrom and loses puck.
11:23 of 1st period - Penalty to Marcus Nilson is over, Marcus Nilson is back on ice.
11:37 of 1st period - Slapshot by Martin Havlat.
11:37 of 1st period - Shot Misses the Net.
11:39 of 1st period - Snap shot by Marcus Nilson.
11:39 of 1st period - Goal by Marcus Nilson - Blues : 1 - Blue Jackets : 2.
11:40 of 1st period - Nicklas Backstrom wins face-off versus Pavel Datsyuk in neutral zone.
12:45 of 1st period - Ted Purcell is hit by Mike Comrie.
13:21 of 1st period - Wrist shot by Pavel Datsyuk.
13:21 of 1st period - Stopped by Carey Price with a rebound.
13:23 of 1st period - Slapshot by Pavel Datsyuk.
13:23 of 1st period - Shot Misses the Net.
13:25 of 1st period - Snap shot by Pavel Datsyuk.
13:25 of 1st period - Shot Misses the Net.
13:31 of 1st period - Minor Penalty to Alex Pietrangelo for Hooking.
13:32 of 1st period - Travis Zajac wins face-off versus Pavel Datsyuk in Blues zone.
13:45 of 1st period - Wrist shot by Martin Havlat.
13:45 of 1st period - Stopped by Carey Price without a rebound.
13:46 of 1st period - Travis Zajac wins face-off versus Pavel Datsyuk in Blues zone.
14:22 of 1st period - Snap shot by Peter Mueller.
14:22 of 1st period - Shot Blocked by Nicklas Backstrom.
14:44 of 1st period - Yann Sauvé is hit by David Booth and loses puck.
15:31 of 1st period - Penalty to Alex Pietrangelo is over, Alex Pietrangelo is back on ice.
15:38 of 1st period - Icing by Bryce Lampman.
15:39 of 1st period - Mike Comrie wins face-off versus Drew Shore in Blues zone.
15:42 of 1st period - Wrist shot by Mike Comrie.
15:42 of 1st period - Shot Misses the Net.
16:18 of 1st period - Mike Lundin is hit by Bryce Lampman.
16:32 of 1st period - Alex Pietrangelo is hit by Pavel Datsyuk and loses puck.
16:43 of 1st period - Ted Purcell is hit by A.J Thelen and loses puck.
16:58 of 1st period - Slapshot by Alex Pietrangelo.
16:58 of 1st period - Stopped by Rick DiPietro with a rebound.
17:10 of 1st period - Wrist shot by Andreas Nodl.
17:10 of 1st period - Shot Blocked by Cody Ceci.
17:12 of 1st period - Slapshot by Ryan Wilson.
17:12 of 1st period - Shot Misses the Net.
17:18 of 1st period - Slapshot by Mike Comrie.
17:18 of 1st period - Goal by Mike Comrie - Blues : 1 - Blue Jackets : 3.
17:19 of 1st period - Pavel Datsyuk wins face-off versus Nicklas Backstrom in neutral zone.
17:24 of 1st period - David Perron is hit by Marcus Nilson and loses puck.
17:58 of 1st period - Wrist shot by Mike Comrie.
17:58 of 1st period - Stopped by Carey Price without a rebound.
17:59 of 1st period - Bobby Ryan wins face-off versus Pavel Datsyuk in Blues zone.
18:06 of 1st period - Slapshot by Jake Gardiner.
18:06 of 1st period - Stopped by Rick DiPietro with a rebound.
18:22 of 1st period - Icing by Travis Zajac.
18:23 of 1st period - Peter Mueller wins face-off versus Travis Zajac in Blues zone.
18:56 of 1st period - Snap shot by Andreas Nodl.
18:56 of 1st period - Shot Misses the Net.
18:58 of 1st period - Wrist shot by Andreas Nodl.
18:58 of 1st period - Stopped by Carey Price with a rebound.
19:16 of 1st period - Mike Lundin is hit by Sergei Shirokov and loses puck.
19:23 of 1st period - Slapshot by David Perron.
19:23 of 1st period - Shot Misses the Net.
19:25 of 1st period - Slapshot by Nicklas Backstrom.
19:25 of 1st period - Goal by Nicklas Backstrom - Blues : 2 - Blue Jackets : 3.
19:26 of 1st period - Nicklas Backstrom wins face-off versus Pavel Datsyuk in neutral zone.
19:29 of 1st period - Wrist shot by David Perron.
19:29 of 1st period - Shot Misses the Net.
19:37 of 1st period - Icing by Nicklas Backstrom.
19:38 of 1st period - Nicklas Backstrom wins face-off versus David Booth in Blues zone.
19:42 of 1st period - Off-side.
19:43 of 1st period - Peter Mueller wins face-off versus Nicklas Backstrom in neutral zone.
19:49 of 1st period - Branislav Mezei is hit by Bryce Lampman and loses puck.
Goals for this period are 2 for Blues vs 3 for Blue Jackets.
Shots for this period are 14 for Blues vs 9 for Blue Jackets.
2nd period
0:01 of 2nd period - Nicklas Backstrom wins face-off versus Pavel Datsyuk in neutral zone.
0:01 of 2nd period - Nicklas Backstrom is hit by Mike Lundin.
0:11 of 2nd period - Snap shot by Sergei Shirokov.
0:11 of 2nd period - Stopped by Rick DiPietro without a rebound.
0:12 of 2nd period - Pavel Datsyuk wins face-off versus Nicklas Backstrom in Blue Jackets zone.
0:12 of 2nd period - Pavel Datsyuk is hit by Yann Sauvé.
0:46 of 2nd period - Wrist shot by Peter Mueller.
0:46 of 2nd period - Deflect By Mike Brown.
0:46 of 2nd period - Stopped by Carey Price with a rebound.
0:48 of 2nd period - Slapshot by Ryan Wilson.
0:48 of 2nd period - Deflect By Patrick Kaleta.
0:48 of 2nd period - Stopped by Carey Price with a rebound.
0:50 of 2nd period - Wrist shot by Peter Mueller.
0:50 of 2nd period - Stopped by Carey Price without a rebound.
0:51 of 2nd period - Nicklas Backstrom wins face-off versus Mike Comrie in Blues zone.
0:58 of 2nd period - Wrist shot by Andreas Nodl.
0:58 of 2nd period - Shot Misses the Net.
2:03 of 2nd period - Ted Purcell is hit by Torey Krug and loses puck.
2:23 of 2nd period - Icing by Yann Sauvé.
2:24 of 2nd period - Peter Mueller wins face-off versus Drew Shore in Blues zone.
3:05 of 2nd period - Slapshot by Mike Lundin.
3:05 of 2nd period - Stopped by Carey Price without a rebound.
3:06 of 2nd period - David Perron wins face-off versus Pavel Datsyuk in Blues zone.
3:10 of 2nd period - Off-side.
3:11 of 2nd period - Pavel Datsyuk wins face-off versus Nicklas Backstrom in neutral zone.
3:15 of 2nd period - Off-side.
3:16 of 2nd period - Nicklas Backstrom wins face-off versus Pavel Datsyuk in neutral zone.
3:29 of 2nd period - Snap shot by Nicklas Backstrom.
3:29 of 2nd period - Shot Misses the Net.
3:41 of 2nd period - Snap shot by Pavel Datsyuk.
3:41 of 2nd period - Shot Misses the Net.
3:43 of 2nd period - Snap shot by Pavel Datsyuk.
3:43 of 2nd period - Stopped by Carey Price with a rebound.
3:51 of 2nd period - Snap shot by Pavel Datsyuk.
3:51 of 2nd period - Stopped by Carey Price with a rebound.
4:05 of 2nd period - Snap shot by Pavel Datsyuk.
4:05 of 2nd period - Deflect By Marcus Nilson.
4:05 of 2nd period - Stopped by Carey Price without a rebound.
4:06 of 2nd period - Peter Mueller wins face-off versus Travis Zajac in Blues zone.
4:09 of 2nd period - Wrist shot by Peter Mueller.
4:09 of 2nd period - Stopped by Carey Price with a rebound.
4:11 of 2nd period - Wrist shot by David Booth.
4:11 of 2nd period - Goal by David Booth - Blues : 2 - Blue Jackets : 4.
4:11 of 2nd period - Ray Emery enters game.
4:12 of 2nd period - Travis Zajac wins face-off versus Peter Mueller in neutral zone.
4:35 of 2nd period - Minor Penalty to Mike Brown for Roughing.
4:36 of 2nd period - Mike Comrie wins face-off versus Nicklas Backstrom in Blue Jackets zone.
5:54 of 2nd period - Slapshot by Pavel Datsyuk.
5:54 of 2nd period - Stopped by Ray Emery without a rebound.
5:55 of 2nd period - Pavel Datsyuk wins face-off versus Nicklas Backstrom in Blues zone.
6:02 of 2nd period - Snap shot by Pavel Datsyuk.
6:02 of 2nd period - Shot Misses the Net.
6:35 of 2nd period - Penalty to Mike Brown is over, Mike Brown is back on ice.
8:07 of 2nd period - Snap shot by Ted Purcell.
8:07 of 2nd period - Stopped by Rick DiPietro without a rebound.
8:08 of 2nd period - Mike Comrie wins face-off versus Nicklas Backstrom in Blue Jackets zone.
8:21 of 2nd period - Yann Sauvé is hit by Mike York and loses puck.
8:28 of 2nd period - Mike Lundin is hit by Nicklas Backstrom and loses puck.
9:01 of 2nd period - Snap shot by Mike Brown.
9:01 of 2nd period - Goal by Mike Brown - Blues : 2 - Blue Jackets : 5.
9:02 of 2nd period - Nicklas Backstrom wins face-off versus Pavel Datsyuk in neutral zone.
9:13 of 2nd period - Snap shot by David Perron.
9:13 of 2nd period - Shot Misses the Net.
9:15 of 2nd period - Slapshot by Bryce Lampman.
9:15 of 2nd period - Shot Blocked by Torey Krug.
9:17 of 2nd period - Slapshot by Yann Sauvé.
9:17 of 2nd period - Stopped by Rick DiPietro without a rebound.
9:18 of 2nd period - Travis Zajac wins face-off versus Peter Mueller in Blue Jackets zone.
9:23 of 2nd period - Slapshot by Filip Forsberg.
9:23 of 2nd period - Stopped by Rick DiPietro with a rebound.
9:25 of 2nd period - Slapshot by Filip Forsberg.
9:25 of 2nd period - Shot Misses the Net.
9:27 of 2nd period - Slapshot by Travis Zajac.
9:27 of 2nd period - Goal by Travis Zajac - Blues : 3 - Blue Jackets : 5.
9:28 of 2nd period - Nicklas Backstrom wins face-off versus Pavel Datsyuk in neutral zone.
9:35 of 2nd period - Snap shot by David Perron.
9:35 of 2nd period - Shot Blocked by A.J Thelen.
9:45 of 2nd period - Bryce Lampman is hit by Marcus Nilson and loses puck.
10:24 of 2nd period - Wrist shot by Mike Comrie.
10:24 of 2nd period - Goal by Mike Comrie - Blues : 3 - Blue Jackets : 6.
10:25 of 2nd period - Nicklas Backstrom wins face-off versus Pavel Datsyuk in neutral zone.
10:28 of 2nd period - Ryan Wilson is hit by Nicklas Backstrom and loses puck.
10:55 of 2nd period - Snap shot by Filip Forsberg.
10:55 of 2nd period - Shot Misses the Net.
10:57 of 2nd period - Slapshot by Bryce Lampman.
10:57 of 2nd period - Deflect By Filip Forsberg.
10:57 of 2nd period - Stopped by Rick DiPietro with a rebound.
10:59 of 2nd period - Slapshot by Jake Gardiner.
10:59 of 2nd period - Shot Blocked by Torey Krug.
11:01 of 2nd period - Snap shot by Bryce Lampman.
11:01 of 2nd period - Stopped by Rick DiPietro with a rebound.
11:03 of 2nd period - Snap shot by Jake Gardiner.
11:03 of 2nd period - Shot Blocked by Mike Brown.
11:17 of 2nd period - Snap shot by Nikolai Kulemin.
11:17 of 2nd period - Shot Misses the Net.
11:25 of 2nd period - Drew Shore is hit by David Booth and loses puck.
12:25 of 2nd period - Snap shot by Linus Omark.
12:25 of 2nd period - Shot Blocked by Branislav Mezei.
12:41 of 2nd period - David Booth is hit by Nick Leddy and loses puck.
12:50 of 2nd period - Wrist shot by Mike Brown.
12:50 of 2nd period - Deflect By Nick Leddy.
12:50 of 2nd period - Shot Misses the Net.
12:50 of 2nd period - Puck is out of play.
12:51 of 2nd period - Pavel Datsyuk wins face-off versus Nicklas Backstrom in Blues zone.
13:14 of 2nd period - Martin Havlat is hit by Nicklas Backstrom.
13:38 of 2nd period - Snap shot by Bobby Ryan.
13:38 of 2nd period - Deflect By Travis Zajac.
13:38 of 2nd period - Shot Misses the Net.
13:38 of 2nd period - Puck is out of play.
13:39 of 2nd period - Patrick O'Sullivan wins face-off versus Tomas Plekanec in Blue Jackets zone.
13:39 of 2nd period - Patrick O'Sullivan is hit by Yann Sauvé.
14:19 of 2nd period - Snap shot by Mike Lundin.
14:19 of 2nd period - Stopped by Ray Emery with a rebound.
14:47 of 2nd period - Minor Penalty to A.J Thelen for Hooking.
14:48 of 2nd period - Nicklas Backstrom wins face-off versus Mike Comrie in Blue Jackets zone.
15:03 of 2nd period - Snap shot by Nicklas Backstrom.
15:03 of 2nd period - Deflect By Martin Havlat.
15:03 of 2nd period - Shot Misses the Net.
15:03 of 2nd period - Puck is out of play.
15:04 of 2nd period - Nicklas Backstrom wins face-off versus Mike Comrie in Blue Jackets zone.
15:13 of 2nd period - Wrist shot by Alex Pietrangelo.
15:13 of 2nd period - Stopped by Rick DiPietro without a rebound.
15:14 of 2nd period - Filip Forsberg wins face-off versus Mike Comrie in Blue Jackets zone.
15:17 of 2nd period - Snap shot by Nicklas Backstrom.
15:17 of 2nd period - Stopped by Rick DiPietro with a rebound.
15:23 of 2nd period - Slapshot by Nicklas Backstrom.
15:23 of 2nd period - Deflect By Torey Krug.
15:23 of 2nd period - Shot Misses the Net.
15:23 of 2nd period - Puck is out of play.
15:24 of 2nd period - Mike Comrie wins face-off versus Nicklas Backstrom in Blue Jackets zone.
15:35 of 2nd period - Slapshot by Alex Pietrangelo.
15:35 of 2nd period - Deflect By Nicklas Backstrom.
15:35 of 2nd period - Stopped by Rick DiPietro without a rebound.
15:36 of 2nd period - Nicklas Backstrom wins face-off versus Mike Comrie in Blue Jackets zone.
16:47 of 2nd period - Penalty to A.J Thelen is over, A.J Thelen is back on ice.
17:02 of 2nd period - Slapshot by Patrick O'Sullivan.
17:02 of 2nd period - Stopped by Ray Emery without a rebound.
17:03 of 2nd period - Peter Mueller wins face-off versus Tomas Plekanec in Blues zone.
17:06 of 2nd period - Snap shot by David Booth.
17:06 of 2nd period - Shot Blocked by Yann Sauvé.
17:16 of 2nd period - Snap shot by Tomas Plekanec.
17:16 of 2nd period - Stopped by Rick DiPietro without a rebound.
17:17 of 2nd period - Nicklas Backstrom wins face-off versus Pavel Datsyuk in Blue Jackets zone.
17:44 of 2nd period - Bryce Lampman is hit by Ryan Wilson and loses puck.
18:05 of 2nd period - Tomas Plekanec is hit by Torey Krug and loses puck.
18:49 of 2nd period - Snap shot by Martin Havlat.
18:49 of 2nd period - Shot Misses the Net.
18:51 of 2nd period - Snap shot by Ryan Wilson.
18:51 of 2nd period - Stopped by Ray Emery with a rebound.
18:53 of 2nd period - Slapshot by Mike Lundin.
18:53 of 2nd period - Stopped by Ray Emery with a rebound.
18:55 of 2nd period - Snap shot by Mike Lundin.
18:55 of 2nd period - Stopped by Ray Emery with a rebound.
18:57 of 2nd period - Snap shot by Marcus Nilson.
18:57 of 2nd period - Stopped by Ray Emery with a rebound.
19:07 of 2nd period - Alex Pietrangelo is hit by Andreas Nodl and loses puck.
19:32 of 2nd period - Mike Comrie is hit by Nicklas Backstrom.
19:54 of 2nd period - Snap shot by David Perron.
19:54 of 2nd period - Stopped by Rick DiPietro with a rebound.
19:56 of 2nd period - Slapshot by Nicklas Backstrom.
19:56 of 2nd period - Stopped by Rick DiPietro with a rebound.
19:58 of 2nd period - Slapshot by Nicklas Backstrom.
19:58 of 2nd period - Goal by Nicklas Backstrom - Blues : 4 - Blue Jackets : 6.
19:59 of 2nd period - Travis Zajac wins face-off versus Pavel Datsyuk in neutral zone.
Goals for this period are 2 for Blues vs 3 for Blue Jackets.
Shots for this period are 14 for Blues vs 18 for Blue Jackets.
3rd period
0:01 of 3rd period - Pavel Datsyuk wins face-off versus Nicklas Backstrom in neutral zone.
0:26 of 3rd period - Travis Zajac is hit by Ryan Wilson and loses puck.
0:37 of 3rd period - Slapshot by Alex Pietrangelo.
0:37 of 3rd period - Shot Misses the Net.
1:15 of 3rd period - Minor Penalty to Yann Sauvé for Holding.
1:16 of 3rd period - Martin Havlat wins face-off versus Travis Zajac in Blues zone.
1:28 of 3rd period - Wrist shot by David Booth.
1:28 of 3rd period - Shot Misses the Net.
1:30 of 3rd period - Slapshot by Mike Lundin.
1:30 of 3rd period - Shot Misses the Net.
1:32 of 3rd period - Snap shot by Mike Lundin.
1:32 of 3rd period - Stopped by Ray Emery with a rebound.
1:42 of 3rd period - Alex Pietrangelo is hit by Mike Brown and loses puck.
3:07 of 3rd period - Peter Mueller is hit by Jake Gardiner.
3:15 of 3rd period - Penalty to Yann Sauvé is over, Yann Sauvé is back on ice.
3:27 of 3rd period - Snap shot by Bobby Ryan.
3:27 of 3rd period - Stopped by Rick DiPietro without a rebound.
3:28 of 3rd period - Mike Comrie wins face-off versus Travis Zajac in Blue Jackets zone.
3:51 of 3rd period - Bryce Lampman is hit by Rostislav Olesz and loses puck.
4:00 of 3rd period - Snap shot by Rostislav Olesz.
4:00 of 3rd period - Shot Misses the Net.
4:33 of 3rd period - Minor Penalty to David Booth for Tripping.
4:34 of 3rd period - Mike Comrie wins face-off versus Nicklas Backstrom in Blue Jackets zone.
6:28 of 3rd period - Alex Pietrangelo is hit by Mike Lundin and loses puck.
6:33 of 3rd period - Penalty to David Booth is over, David Booth is back on ice.
6:44 of 3rd period - Andrew Gordon is hit by Ted Purcell and loses puck.
7:35 of 3rd period - Nikolai Kulemin is hit by Torey Krug and loses puck.
7:50 of 3rd period - Travis Zajac is hit by Torey Krug and loses puck.
8:07 of 3rd period - David Booth is hit by Alex Pietrangelo and loses puck.
8:28 of 3rd period - Snap shot by Martin Havlat.
8:28 of 3rd period - Shot Blocked by Alex Pietrangelo.
9:13 of 3rd period - Slapshot by Andrew Gordon.
9:13 of 3rd period - Stopped by Ray Emery without a rebound.
9:14 of 3rd period - Mike York wins face-off versus Sergei Shirokov in Blues zone.
9:18 of 3rd period - Minor Penalty to Nicklas Backstrom for Tripping.
9:19 of 3rd period - Pavel Datsyuk wins face-off versus Travis Zajac in Blues zone.
9:57 of 3rd period - Backhand shot by Alex Pietrangelo.
9:57 of 3rd period - Shot Misses the Net.
9:59 of 3rd period - Snap shot by Ted Purcell.
9:59 of 3rd period - Stopped by Rick DiPietro without a rebound.
10:00 of 3rd period - Travis Zajac wins face-off versus Pavel Datsyuk in Blue Jackets zone.
10:05 of 3rd period - Snap shot by Travis Zajac.
10:05 of 3rd period - Deflect By Pavel Datsyuk.
10:05 of 3rd period - Shot Blocked by Ryan Wilson.
10:05 of 3rd period - Puck is out of play.
10:06 of 3rd period - Travis Zajac wins face-off versus Pavel Datsyuk in Blue Jackets zone.
11:15 of 3rd period - Icing by Martin Havlat.
11:16 of 3rd period - Pavel Datsyuk wins face-off versus Drew Shore in Blue Jackets zone.
11:18 of 3rd period - Penalty to Nicklas Backstrom is over, Nicklas Backstrom is back on ice.
11:25 of 3rd period - Slapshot by Marcus Nilson.
11:25 of 3rd period - Shot Misses the Net.
12:07 of 3rd period - Mike Lundin is hit by Cody Ceci and loses puck.
13:30 of 3rd period - Filip Forsberg is hit by Mike Lundin and loses puck.
13:47 of 3rd period - Backhand shot by Pavel Datsyuk.
13:47 of 3rd period - Shot Misses the Net.
13:49 of 3rd period - Snap shot by Marcus Nilson.
13:49 of 3rd period - Shot Misses the Net.
13:51 of 3rd period - Slapshot by A.J Thelen.
13:51 of 3rd period - Stopped by Ray Emery with a rebound.
13:53 of 3rd period - Wrist shot by Mike Lundin.
13:53 of 3rd period - Stopped by Ray Emery with a rebound.
14:07 of 3rd period - Snap shot by Tomas Plekanec.
14:07 of 3rd period - Stopped by Rick DiPietro without a rebound.
14:08 of 3rd period - Tomas Plekanec wins face-off versus Peter Mueller in Blue Jackets zone.
14:11 of 3rd period - Wrist shot by Patrick Kaleta.
14:11 of 3rd period - Shot Misses the Net.
14:39 of 3rd period - Peter Mueller is hit by Nick Leddy and loses puck.
14:57 of 3rd period - Minor Penalty to Nicklas Backstrom for Tripping.
14:58 of 3rd period - Pavel Datsyuk wins face-off versus Travis Zajac in Blues zone.
15:07 of 3rd period - Wrist shot by Martin Havlat.
15:07 of 3rd period - Shot Blocked by Alex Pietrangelo.
15:09 of 3rd period - Slapshot by Ryan Wilson.
15:09 of 3rd period - Stopped by Ray Emery with a rebound.
15:49 of 3rd period - Jake Gardiner is hit by Mike Lundin and loses puck.
16:33 of 3rd period - Bryce Lampman is hit by Marcus Nilson and loses puck.
16:57 of 3rd period - Penalty to Nicklas Backstrom is over, Nicklas Backstrom is back on ice.
17:12 of 3rd period - Off-side.
17:13 of 3rd period - Mike York wins face-off versus Travis Zajac in neutral zone.
17:34 of 3rd period - Snap shot by Travis Zajac.
17:34 of 3rd period - Deflect By Ryan Wilson.
17:34 of 3rd period - Shot Blocked by Ryan Wilson.
17:34 of 3rd period - Puck is out of play.
17:35 of 3rd period - Peter Mueller wins face-off versus David Perron in Blue Jackets zone.
17:46 of 3rd period - Minor Penalty to Nicklas Backstrom for Roughing.
17:47 of 3rd period - Travis Zajac wins face-off versus Pavel Datsyuk in Blues zone.
18:14 of 3rd period - Alex Pietrangelo is hit by Peter Mueller and loses puck.
18:21 of 3rd period - Wrist shot by Peter Mueller.
18:21 of 3rd period - Goal by Peter Mueller - Blues : 4 - Blue Jackets : 7.
18:22 of 3rd period - Pavel Datsyuk wins face-off versus Nicklas Backstrom in neutral zone.
18:33 of 3rd period - Snap shot by Alex Pietrangelo.
18:33 of 3rd period - Stopped by Rick DiPietro without a rebound.
18:34 of 3rd period - Nicklas Backstrom wins face-off versus Pavel Datsyuk in Blue Jackets zone.
18:37 of 3rd period - Snap shot by Nicklas Backstrom.
18:37 of 3rd period - Shot Blocked by Mike Lundin.
18:48 of 3rd period - Snap shot by Marcus Nilson.
18:48 of 3rd period - Shot Misses the Net.
18:50 of 3rd period - Wrist shot by Pavel Datsyuk.
18:50 of 3rd period - Stopped by Ray Emery without a rebound.
18:51 of 3rd period - Travis Zajac wins face-off versus Peter Mueller in Blues zone.
18:58 of 3rd period - Snap shot by Travis Zajac.
18:58 of 3rd period - Stopped by Rick DiPietro with a rebound.
19:08 of 3rd period - Slapshot by Alex Pietrangelo.
19:08 of 3rd period - Stopped by Rick DiPietro with a rebound.
19:18 of 3rd period - David Perron is hit by Marcus Nilson and loses puck.
19:23 of 3rd period - Wrist shot by Pavel Datsyuk.
19:23 of 3rd period - Deflect By Marcus Nilson.
19:23 of 3rd period - Stopped by Ray Emery without a rebound.
19:24 of 3rd period - Pavel Datsyuk wins face-off versus David Perron in Blues zone.
19:52 of 3rd period - Wrist shot by Peter Mueller.
19:52 of 3rd period - Shot Misses the Net.
19:54 of 3rd period - Wrist shot by Peter Mueller.
19:54 of 3rd period - Shot Misses the Net.
19:56 of 3rd period - Slapshot by Branislav Mezei.
19:56 of 3rd period - Shot Misses the Net.
19:58 of 3rd period - Wrist shot by Peter Mueller.
19:58 of 3rd period - Goal by Peter Mueller - Blues : 4 - Blue Jackets : 8.
19:59 of 3rd period - Pavel Datsyuk wins face-off versus Nicklas Backstrom in neutral zone.
Goals for this period are 0 for Blues vs 2 for Blue Jackets.
Shots for this period are 6 for Blues vs 9 for Blue Jackets.
Back to the Top